 Dungeon Crawl Stone Soup version 0.23.2-1-ga50397a (webtiles) character file.

Game seed: 13798018473754828137

3809 Borgoz the Carver (level 9, 0/83 HPs)
             Began as a Minotaur Monk on May 25, 2019.
             Slain by a wyvern (13 damage)
             ... on level 8 of the Dungeon.
             The game lasted 00:12:59 (8288 turns).

Borgoz the Carver (Minotaur Monk)                   Turns: 8288, Time: 00:13:00

Health: 0/83       AC:  8    Str: 20    XL:     9   Next: 96%
Magic:  8/8        EV:  9    Int:  7    God:
Gold:   452        SH:  0    Dex: 14    Spells: 8/8 levels left

rFire    . . .     SeeInvis +   z - +11 hand axe "Ulas" {flame, -Tele +Inv Stlth+}
rCold    . . .     Gourm    +   (no shield)
rNeg     . . .     Faith    .   g - +0 plate armour
rPois    .         Spirit   .   (helmet restricted)
rElec    +         Reflect  .   x - scarf {repulsion}
rCorr    .         Harm     .   (no gloves)
MR       .....     NoTele   +   w - +2 pair of boots
Stlth    ..........             l - amulet of the gourmand
HPRegen  0.23/turn              (no ring)
MPRegen  0.11/turn              s - ring of see invisible

@: lethally poisoned (0 -> 0), repel missiles
A: retaliatory headbutt, horns 2, deformed body, electricity resistance, strong
1
a: Evoke Invisibility


You were on level 8 of the Dungeon.
You were completely stuffed.

You visited 1 branch of the dungeon, and saw 8 of its levels.

You collected 452 gold pieces.

Inventory:

Hand Weapons
 a - a +0 scimitar
 b - a +1 short sword of venom
 z - the +11 hand axe "Ulas" (weapon) {flame, -Tele +Inv Stlth+}
   (You found it on level 5 of the Dungeon)

   It has been specially enchanted to burn those struck by it, causing extra
   injury to most foes and up to half again as much damage against particularly
   susceptible opponents.
   Big, fiery blades are also staple armaments of hydra-hunters.
   It lets you turn invisible.
   It prevents most forms of teleportation.
   It makes you more stealthy.
Armour
 g - a +0 plate armour (worn)
 w - a +2 pair of boots (worn)
 x - a scarf of repulsion (worn)
Jewellery
 e - a +5 ring of intelligence
 l - an amulet of the gourmand (around neck)
 s - a ring of see invisible (right hand)
Wands
 d - a wand of polymorph (7)
 m - a wand of flame (25)
 A - a wand of enslavement (6)
Scrolls
 n - 2 scrolls of fog {unknown}
 o - 2 scrolls of enchant armour {unknown}
 p - 5 scrolls of remove curse
 q - a scroll of noise {unknown}
 r - 3 scrolls of amnesia {unknown}
 y - 5 scrolls of teleportation
 C - a scroll of fear {unknown}
Potions
 h - 3 potions of agility
 i - 2 potions of magic
 t - a potion of flight
Comestibles
 c - 26 rations
 j - 3 chunks of flesh


   Skills:
 + Level 9.3 Fighting
 + Level 9.4 Long Blades
 + Level 8.5 Dodging
 + Level 6.7 Stealth


You had 8 spell levels left.
You didn't know any spells.
Your spell library contained the following spells:

 Spells                   Type           Power        Failure   Level  Hunger
 Shock                    Conj/Air       #...         100%        1    ##.....
 Swiftness                Chrm/Air       #.......     100%        2    ###....
 Static Discharge         Conj/Air       #.......     100%        3    ####...
 Airstrike                Air            #.........   100%        4    #####..
 Lightning Bolt           Conj/Air       #.........   100%        5    ######.


Dungeon Overview and Level Annotations

Branches:
Dungeon (8/15)             Temple (0/1) D:5            Lair (0/6) D:8

Altars:
Kikubaaqudgha
Qazlal
Ru
Wu Jian

Shops:
D:4 (

Annotations:
D:6 3 runed translucent doors, Jaiteiro's ghost, amateur GrFi
D:8 3 runed translucent doors, xveg's ghost, novice HaHu


Innate Abilities, Weirdness & Mutations

You reflexively headbutt those who attack you in melee.
You have a pair of horns on your head.
Armour fits poorly on your strangely shaped body.
You are resistant to electric shocks. (rElec)
Your muscles are strong. (Str +2)


Message History

You closely miss the wyvern.
The wyvern is lightly wounded.
The wyvern barely misses you. The wyvern bites you.
* * * LOW HITPOINT WARNING * * *
You hit the wyvern. You burn the wyvern.
The wyvern is moderately wounded.
The wyvern bites you!
* * * LOW HITPOINT WARNING * * *
The wyvern bites you but does no damage.
Okay, then.
Firing (i - inventory) No suitable missiles.
Press: ? - help, Shift-Dir - straight line, f - wyvern
Aim: a wyvern (moderately wounded)
Okay, then.
Evoke which item? (* to show all) (? for menu, Esc to quit)
Okay, then.
It was a potion of mutation.
You feel extremely strange.
Your body twists and deforms.
You feel insulated.
You feel stronger.
You feel sick. The wyvern bites you!
You die...

......##.#K#K#.....#
#......
.......##.KK##.....#
#......
........#####..########
#......
####......##'###......#
####### .
#......#....#......#
...#......#....#....!.#
...#......'....#......##
.. #......######l.......
.#.#............@.......
..#####'##..............
#.#......+......######..
..###....#......#
.≈###....##+#####
..#...........
#.#...........
..###.##+###..
.#..#.##.### .


You could see a wyvern.

Vanquished Creatures
  Pikel (D:7)
  Joseph (D:7)
  A hippogriff (D:8)
  Grum (D:8)
  A hungry ghost (D:8)
  Menkaure (D:6)
  A water moccasin (D:8)
  Duvessa (D:6)
  2 ice beasts
  2 slaves (D:7)
  3 ogres
  3 wolves
  2 crocodiles (D:8)
  A centaur (D:7)
  A bullfrog (D:6)
  Blork the orc (D:6)
  A gnoll sergeant (D:5)
  Dowan (D:6)
  A scorpion (D:4)
  3 crimson imps
  2 hounds
  A centaur zombie (D:6)
  An orc priest (D:7)
  2 bullfrog skeletons
  4 orc wizards
  2 gnoll shamans
  2 iguanas
  7 worker ants
  A hound zombie (D:7)
  2 hound skeletons (D:4)
  A worker ant zombie (D:5)
  4 adders
  15 gnolls
  A shadow imp (D:5)
  An ooze (D:1)
  An adder zombie (D:6)
  5 worms
  5 dart slugs
  6 leopard geckos
  16 orcs
  6 bats
  3 giant cockroaches
  10 goblins
  8 hobgoblins
  15 jackals
  5 quokkas
  3 ball pythons
  5 frilled lizards
  7 kobolds
  A quokka skeleton (D:4)
  11 rats
182 creatures vanquished.

Vanquished Creatures (others)
  2 fungi (D:6)
  2 plants (D:6)
4 creatures vanquished.

Grand Total: 186 creatures vanquished

Notes
Turn   | Place    | Note
-------+----------+-------------------------------------------
     0 | D:1      | Borgoz the Minotaur Monk began the quest for the Orb.
     0 | D:1      | Reached XP level 1. HP: 19/19 MP: 0/0
    78 | D:1      | Reached XP level 2. HP: 10/27 MP: 1/1
   499 | D:1      | Reached XP level 3. HP: 26/33 MP: 2/2
  1280 | D:2      | Found an ancient bone altar of Kikubaaqudgha.
  1281 | D:2      | Found a sacrificial altar of Ru.
  1282 | D:2      | Found a stormy altar of Qazlal.
  1414 | D:2      | Reached XP level 4. HP: 35/41 MP: 3/3
  1535 | D:2      | Found an ornate altar of the Wu Jian Council.
  1672 | D:2      | Found a faded altar of an unknown god.
  2668 | D:4      | Reached XP level 5. HP: 47/47 MP: 4/4
  2807 | D:4      | Reached skill level 5 in Fighting
  2808 | D:4      | Reached skill level 5 in Long Blades
  2828 | D:4      | Reached XP level 6. HP: 56/56 MP: 5/5
  3134 | D:4      | Found Reshra Qiecs's Antique Weapon Shop.
  3190 | D:4      | Reached skill level 5 in Dodging
  3320 | D:5      | Entered Level 5 of the Dungeon
  3407 | D:5      | Reached XP level 7. HP: 34/62 MP: 6/6
  3660 | D:5      | Got a warped hand axe
  3696 | D:5      | Identified the +11 hand axe "Ulas" {flame, -Tele +Inv
                  | Stlth+} (You found it on level 5 of the Dungeon)
  3849 | D:5      | Found a staircase to the Ecumenical Temple.
  4581 | D:6      | Noticed Blork the orc
  4589 | D:6      | Killed Blork the orc
  4642 | D:6      | Noticed Menkaure
  4647 | D:6      | Killed Menkaure
  4647 | D:6      | Reached XP level 8. HP: 37/71 MP: 7/7
  4967 | D:6      | Found a runed translucent gate.
  4967 | D:6      | Found a runed translucent gate.
  4967 | D:6      | Found a runed translucent gate.
  4973 | D:6      | Noticed Jaiteiro's ghost (amateur GrFi)
  4975 | D:6      | Noticed a kobold demonologist
  4977 | D:6      | Identified the +9 short sword of Huits {drain, rF++ Dex+3}
  5039 | D:6      | Noticed Duvessa
  5040 | D:6      | Noticed Dowan
  5179 | D:6      | Killed Duvessa
  5209 | D:6      | Killed Dowan
  5648 | D:7      | Noticed Joseph
  5692 | D:6      | Reached skill level 5 in Stealth
  6041 | D:7      | Killed Joseph
  6398 | D:7      | Reached XP level 9. HP: 78/81 MP: 8/8
  6547 | D:7      | Got a jewelled helmet
  6584 | D:7      | Noticed Pikel
  6968 | D:7      | Identified the cursed +0 helmet of the Gloaming {rC+} (You
                  | found it on level 7 of the Dungeon)
  7097 | D:7      | Killed Pikel
  7322 | D:8      | Noticed Grum
  7675 | D:8      | Killed Grum
  7761 | D:8      | Found a staircase to the Lair.
  8127 | D:8      | Found a runed translucent gate.
  8127 | D:8      | Found a runed translucent gate.
  8129 | D:8      | Noticed a kobold demonologist
  8130 | D:8      | Noticed xveg's ghost (novice HaHu)
  8131 | D:8      | Found a runed translucent gate.
  8288 | D:8      | Gained mutation: Armour fits poorly on your strangely
                  | shaped body. [potion of mutation]
  8288 | D:8      | Gained mutation: You are resistant to electric shocks.
                  | (rElec) [potion of mutation]
  8288 | D:8      | Gained mutation: Your muscles are strong. (Str +2) [potion
                  | of mutation]
  8288 | D:8      | Slain by a wyvern

Skill      XL: |  1  2  3  4  5  6  7  8  9 |
---------------+----------------------------+-----
Stealth        | 2 3 4 5 6 |  6.7
Fighting       | 4 5 6 7 9 |  9.3
Long Blades    | 4 5 6 7 9 |  9.4
Dodging        | 4 5 6 7 8 |  8.5

Action                   |  1- 3 |  4- 6 |  7- 9 || total
-------------------------+-------+-------+-------++-------
Melee: Falchion          |    96 |   143 |    21 ||   260
       Headbutt          |    14 |    34 |    49 ||    97
       Hand axe          |       |       |    79 ||    79
       Scimitar          |       |       |   124 ||   124
       Unarmed           |       |       |     4 ||     4
       Short sword       |       |       |    41 ||    41
  Use: Potion            |       |     7 |    11 ||    18
       Scroll            |       |       |     9 ||     9
 Stab: Sleeping          |     3 |     4 |     1 ||     8
  Eat: Chunk             |     2 |    22 |    24 ||    48
Armor: Robe              |    12 |     9 |       ||    21
       Scale mail        |       |    67 |    36 ||   103
       Skin              |       |       |    39 ||    39
       Plate armour      |       |       |   104 ||   104
Dodge: Dodged            |    54 |   151 |   152 ||   357
       Deflected         |       |       |     2 ||     2
       Rpst.: Falchion   |    10 |    47 |     2 ||    59
       Scimitar          |       |       |    13 ||    13
